[Event "Titled Tuesday Blitz November 22 Late 2022"]
[White "Aggelis, Nikolaos"]
[Black "Tari, Aryan"]
[WhiteFideId "4213220"]
[BlackFideId "1510045"]
[WhiteElo "2189"]
[BlackElo "2612"]
[Result "0-1"]
[Round "01"]
[TimeControl "180+1"]
[Date "2022.11.22"]
[WhiteClock "0:00:01"]
[BlackClock "0:00:21"]

1. Nf3 Nf6 2. g3 d5 3. Bg2 g6 4. O-O Bg7 5. d4 O-O 6. c4 dxc4 7. Na3 c3 8. bxc3 c5 9. e3 Nc6 10. Bb2 Bf5 11. Qe2 Be4 12. Rfd1 Qa5 13. Qb5 Rac8 14. Qxa5 Nxa5 15. Nd2 Bxg2 16. Kxg2 Nd5 17. Rac1 cxd4 18. cxd4 Nb4 19. Nac4 Nac6 20. Ne4 Nxa2 21. Ra1 Ncb4 22. Ne5 b6 23. Ba3 a5 24. Rd2 Nc3 25. Nxc3 Rxc3 26. Bxb4 axb4 27. Rb2 b3 28. Ra3 Bxe5 29. dxe5 Rb8 30. Raxb3 Rxb3 31. Rxb3 Kf8 32. Kf3 Ke8 33. Ke4 Kd7 34. Kd5 e6+ 35. Kc4 Kc6 36. f4 Rd8 37. Rd3 b5+ 38. Kc3 Rxd3+ 39. Kxd3 Kc5 40. Kc3 h5 41. e4 b4+ 42. Kd3 Kb5 0-1


[Site "https://www.chess.com"]

[Event "Titled Tuesday Blitz November 22 Late 2022"]
[White "Aghasiyev, Kamal"]
[Black "Curtis, John"]
[WhiteFideId "13402854"]
[BlackFideId "3200256"]
[WhiteElo "2341"]
[BlackElo "2203"]
[Result "1-0"]
[Round "01"]
[TimeControl "180+1"]
[Date "2022.11.23"]
[WhiteClock "0:00:43"]
[BlackClock "0:01:26"]

1. d4 Nf6 2. c4 e6 3. Nf3 d5 4. g3 Be7 5. Bg2 O-O 6. O-O dxc4 7. Qc2 Nc6 8. Qxc4 Bd7 9. Rd1 a6 10. Nc3 b5 11. Qd3 Nb4 12. Qb1 Rb8 13. a3 Nbd5 14. Nxd5 exd5 15. Bf4 Ne4 16. Qc2 Rc8 17. b4 c6 18. Ne5 Nd6 19. Nd3 Bf5 20. Qb3 Nc4 21. Nb2 a5 22. Nxc4 bxc4 23. Qc3 axb4 24. axb4 Qb6 25. Bd2 Ra8 26. e4 Be6 27. Rab1 Rfb8 28. b5 dxe4 29. Bxe4 Bd5 30. Qf3 Bf6 31. bxc6 Bxe4 32. Qxe4 Qxd4 33. Rxb8+ Rxb8 34. Qxd4 Bxd4 35. Bf4 Rc8 36. Rxd4 g5 37. c7 Rxc7 38. Bxc7 c3 1-0


[Site "https://www.chess.com"]

[Event "Titled Tuesday Blitz November 22 Late 2022"]
[White "Ai, Evan"]
[Black "Bayo Milagro, Alvaro"]
[WhiteFideId "2094770"]
[BlackFideId "22275240"]
[WhiteElo "1963"]
[BlackElo "2270"]
[Result "1-0"]
[Round "01"]
[TimeControl "180+1"]
[Date "2022.11.23"]
[WhiteClock "0:02:07"]
[BlackClock "0:02:18"]

1. e4 e5 2. Nf3 Nc6 3. Bb5 a6 4. Ba4 Nf6 5. O-O Bc5 6. c3 b5 7. Bb3 d6 8. d4 Bb6 9. a4 Bg4 10. Bg5 h6 11. Bxf6 Qxf6 12. Bd5 Kd7 13. dxe5 Bxf3 14. Bxc6+ 1-0


[Site "https://www.chess.com"]

[Event "Titled Tuesday Blitz November 22 Late 2022"]
[White "Al-Tarboush, Ward"]
[Black "Caruana, Fabiano"]
[WhiteFideId "7601450"]
[BlackFideId "2020009"]
[WhiteElo "2273"]
[BlackElo "2847"]
[Result "0-1"]
[Round "01"]
[TimeControl "180+1"]
[Date "2022.11.22"]
[WhiteClock "0:00:01"]
[BlackClock "0:00:04"]

1. e4 d6 2. d4 Nf6 3. Nc3 g6 4. Be3 c6 5. f3 b5 6. Qd2 Nbd7 7. h4 Nb6 8. g4 h5 9. g5 Nfd7 10. f4 d5 11. e5 Nb8 12. b3 Bf5 13. Nge2 e6 14. Ng3 Bg4 15. Nd1 a5 16. Nf2 Bf3 17. Rg1 N8d7 18. Qd3 Bb4+ 19. c3 Ba3 20. Bc1 Bxc1 21. Rxc1 Bg4 22. Nxg4 hxg4 23. Rh1 Qe7 24. Be2 Qa3 25. Qc2 c5 26. Bxb5 cxd4 27. Bxd7+ Nxd7 28. cxd4 O-O 29. h5 Qb4+ 30. Qd2 Rfc8 31. Rxc8+ Rxc8 32. Qxb4 axb4 33. Kd2 Ra8 34. Ra1 gxh5 35. Nxh5 Kh7 36. Ke3 Kg6 37. Ng3 Rc8 38. Rd1 Rc3+ 39. Rd3 Rc1 40. Rd2 Nb8 41. Rh2 Rc3+ 42. Kf2 Rf3+ 43. Kg2 Rxf4 44. Rh8 Nc6 45. Rg8+ Kh7 46. Rc8 Rxd4 47. Rxc6 Rd2+ 48. Kg1 Kg6 49. Rb6 Kxg5 50. Rxb4 Rxa2 51. Nf1 Kf5 52. Rb7 Kxe5 53. Rxf7 d4 54. Rg7 Kf4 55. Rf7+ Ke4 56. Rg7 Kf5 57. Rf7+ Kg6 58. Rd7 e5 59. b4 Kf5 60. Rf7+ Ke4 61. Rg7 Kf5 62. Rf7+ Ke6 63. Rg7 d3 64. Rxg4 Rb2 65. Rc4 Rc2 66. Re4 Kd5 67. Re3 e4 68. Re1 Kd4 69. b5 Rb2 70. Ng3 d2 71. Rxe4+ Kd3 0-1


[Site "https://www.chess.com"]

[Event "Titled Tuesday Blitz November 22 Late 2022"]
[White "Andreikin, Dmitry"]
[Black "Ozdemir, Serhan Berat"]
[WhiteFideId "4158814"]
[BlackFideId "6374611"]
[WhiteElo "2736"]
[BlackElo "2016"]
[Result "1-0"]
[Round "01"]
[TimeControl "180+1"]
[Date "2022.11.22"]
[WhiteClock "0:02:02"]
[BlackClock "0:00:14"]

1. d4 Nf6 2. c4 g6 3. Nc3 Bg7 4. e4 d6 5. h3 O-O 6. Be3 c5 7. Nf3 cxd4 8. Nxd4 Nc6 9. Be2 Nxd4 10. Bxd4 Bd7 11. O-O Bc6 12. Qc2 a5 13. Rfd1 Nd7 14. Bxg7 Kxg7 15. Bg4 Ne5 16. c5 Nxg4 17. hxg4 Qc8 18. cxd6 exd6 19. f3 Qe6 20. Rd4 Rfd8 21. Rad1 Qe5 22. Qd2 h5 23. gxh5 Qxh5 24. Rxd6 Rxd6 25. Qxd6 Rh8 26. Kf2 Qh4+ 27. Ke2 Qg5 28. Qd4+ Kg8 29. Qd8+ Qxd8 30. Rxd8+ Kg7 31. Rxh8 Kxh8 32. Kd3 Kg7 33. f4 Kf6 34. g3 Ke6 35. Kd4 Kd6 36. a3 b6 37. Nd5 b5 38. Ne3 Bd7 39. e5+ Kc6 40. b4 axb4 41. axb4 Be6 42. g4 Bb3 43. f5 gxf5 44. gxf5 Kb6 45. Ke4 Kc6 46. Kf4 Kd7 47. Kg5 Ke7 48. Ng4 Bc2 49. Nf6 Bb3 50. Kh6 Kf8 51. Nh7+ Kg8 52. Ng5 Bc2 53. f6 Bb3 54. Nf3 Ba2 55. Nd4 Bc4 56. Nf5 Kf8 57. Nd6 Bd3 58. Kg5 Be2 59. Kf4 Bf1 60. Ke3 Kg8 61. Kd4 Kh7 62. Nxf7 Kg6 63. Nd6 1-0


[Site "https://www.chess.com"]

[Event "Titled Tuesday Blitz November 22 Late 2022"]
[White "Annaberdiyev, Babageldi"]
[Black "Gerbelli Neto, Eduardo"]
[WhiteFideId "14000385"]
[BlackFideId "2103281"]
[WhiteElo "2332"]
[BlackElo "2178"]
[Result "1-0"]
[Round "01"]
[TimeControl "180+1"]
[Date "2022.11.23"]
[WhiteClock "0:01:15"]
[BlackClock "0:00:08"]

1. e4 e5 2. Nf3 Nc6 3. Bc4 Nf6 4. d4 exd4 5. O-O Nxe4 6. Re1 d5 7. Bxd5 Qxd5 8. Nc3 Qa5 9. Nxe4 Be6 10. Neg5 O-O-O 11. Nxe6 fxe6 12. Rxe6 Bd6 13. Bg5 Rde8 14. Qe2 Kd7 15. Rxe8 Rxe8 16. Qd3 h6 17. Bd2 Qh5 18. h3 Ne5 19. Qb5+ Kc8 20. Nxd4 Bc5 21. Nf5 Bxf2+ 22. Kh1 c6 23. Nd6+ Kd7 24. Qf1 Rf8 25. Ne4 Qf5 26. Bb4 Qxe4 27. Bxf8 Qxc2 28. Bxg7 Bg3 29. Qd1+ 1-0


[Site "https://www.chess.com"]

[Event "Titled Tuesday Blitz November 22 Late 2022"]
[White "Antonio, Jorge Carlos"]
[Black "Obrien, Matthew"]
[WhiteFideId "113190"]
[BlackFideId "2059150"]
[WhiteElo "2247"]
[BlackElo "2608"]
[Result "0-1"]
[Round "01"]
[TimeControl "180+1"]
[Date "2022.11.23"]
[WhiteClock "0:00:54"]
[BlackClock "0:00:28"]

1. d4 Nf6 2. Nf3 g6 3. c4 Bg7 4. Nc3 O-O 5. e4 d6 6. Be2 Nbd7 7. O-O e5 8. d5 Nc5 9. Bd3 Nh5 10. b4 Nxd3 11. Qxd3 a5 12. b5 h6 13. a4 Kh7 14. Be3 f5 15. Rac1 b6 16. Ne1 f4 17. Bd2 g5 18. f3 g4 19. Kf2 Qh4+ 20. Kg1 g3 21. h3 Bf6 22. Qe2 Rg8 23. Nd3 Bxh3 24. gxh3 g2 25. Rf2 Qxh3 26. Rxg2 Rxg2+ 27. Qxg2 Rg8 28. Qxg8+ Kxg8 29. Rf1 Ng3 30. Rf2 Qh1# 0-1


[Site "https://www.chess.com"]

[Event "Titled Tuesday Blitz November 22 Late 2022"]
[White "Arngrimsson, Dagur"]
[Black "Antonova, Nadezhda"]
[WhiteFideId "2301288"]
[BlackFideId "14700182"]
[WhiteElo "2286"]
[BlackElo "1813"]
[Result "1-0"]
[Round "01"]
[TimeControl "180+1"]
[Date "2022.11.23"]
[WhiteClock "0:01:22"]
[BlackClock "0:00:01"]

1. e4 c5 2. Nf3 d6 3. d4 cxd4 4. Nxd4 Nf6 5. Nc3 a6 6. h3 e5 7. Nb3 h5 8. f4 Be7 9. a4 Nc6 10. Be2 b6 11. Bf3 Bb7 12. Nd5 Nxd5 13. exd5 Nb8 14. O-O Nd7 15. Bxh5 O-O 16. c3 Rc8 17. Bf3 Rc4 18. fxe5 Nxe5 19. Nd4 Nxf3+ 20. Qxf3 Bf6 21. Be3 Qa8 22. Qg3 Be5 23. Bf4 Re8 24. Nf5 g6 25. Bxe5 Rxe5 26. Nh6+ Kh7 27. Nxf7 Bxd5 28. Nxe5 dxe5 29. Rad1 Kg7 30. Qxe5+ Kh6 31. Qxd5 1-0


[Site "https://www.chess.com"]

[Event "Titled Tuesday Blitz November 22 Late 2022"]
[White "Aung Thant Zin"]
[Black "Feng, Eric"]
[WhiteFideId "13000063"]
[BlackFideId "30952590"]
[WhiteElo "2278"]
[BlackElo "1785"]
[Result "0-1"]
[Round "01"]
[TimeControl "180+1"]
[Date "2022.11.23"]
[WhiteClock "0:00:52"]
[BlackClock "0:00:28"]

1. e4 c6 2. d4 d5 3. Nc3 dxe4 4. Nxe4 Bf5 5. Ng3 Bg6 6. h4 h6 7. Nf3 Nd7 8. Bd3 Bxd3 9. Qxd3 e6 10. Bd2 Ngf6 11. O-O-O a5 12. Ne4 Nxe4 13. Qxe4 Nf6 14. Qe2 a4 15. a3 Qd5 16. Kb1 Be7 17. Rhe1 O-O 18. Ne5 Kh8 19. g4 Nh7 20. g5 b5 21. g6 Nf6 22. Nxf7+ Kg8 23. Qxe6 Qxe6 24. Rxe6 Nd5 25. h5 Bf6 26. c3 Rac8 27. Be3 Rfe8 28. Rxe8+ Rxe8 29. Re1 Re4 30. Bd2 Rxe1+ 31. Bxe1 Nf4 32. Bd2 Nxh5 33. Kc2 Bh4 34. Be3 Nf6 35. Kd3 Nd5 36. Bd2 Ne7 37. Ne5 Bf6 38. Ng4 Bh4 39. Ne5 Bxf2 40. Ke4 Bh4 41. Bf4 h5 42. Bh2 Bf6 43. Nd7 Nxg6 44. Kf5 Ne7+ 45. Ke6 Nd5 46. Nb8 Ne3 47. Nxc6 Ng4 48. Bg1 h4 49. Ne5 Bxe5 50. dxe5 h3 51. Kf5 h2 52. Bxh2 Nxh2 53. Ke6 Nf3 54. Kd6 Kf8 55. e6 Ke8 56. Kd5 g5 57. Ke4 g4 58. Kf4 Ne5 0-1


[Site "https://www.chess.com"]

[Event "Titled Tuesday Blitz November 22 Late 2022"]
[White "Averjanov, Alexey"]
[Black "monkins"]
[WhiteFideId "14109867"]
[WhiteElo "2613"]
[BlackElo "2243"]
[Result "0-1"]
[Round "01"]
[TimeControl "180+1"]
[Date "2022.11.23"]
[WhiteClock "0:01:40"]
[BlackClock "0:00:08"]

1. d4 Nf6 2. c4 c5 3. d5 b5 4. Nf3 b4 5. a3 g6 6. axb4 cxb4 7. Nbd2 Bg7 8. e4 O-O 9. e5 Ng4 10. Be2 Nxe5 11. Nxe5 Bxe5 12. Nf3 Bg7 13. O-O d6 14. Re1 Bg4 15. Nd4 Bd7 16. b3 Re8 17. Bb2 Qb6 18. Bg4 a5 19. Re3 a4 20. Bxd7 Nxd7 21. bxa4 Ne5 22. Qb3 Rec8 23. Rc1 Qa6 24. Nc6 Nxc6 25. Bxg7 Kxg7 26. dxc6 Qxa4 27. Qb2+ e5 28. c5 Rxc6 29. cxd6 Rxc1+ 30. Qxc1 Qa1 31. Re1 Qxc1 32. Rxc1 b3 33. g4 b2 34. Rb1 Ra1 35. d7 Rxb1+ 36. Kg2 Rd1 37. d8=Q Rxd8 0-1


[Site "https://www.chess.com"]

[Event "Titled Tuesday Blitz November 22 Late 2022"]
[White "Banzea, Alexandru-Bogdan"]
[Black "Burke, Paul"]
[WhiteFideId "1232622"]
[BlackFideId "2605767"]
[WhiteElo "2294"]
[BlackElo "1904"]
[Result "1-0"]
[Round "01"]
[TimeControl "180+1"]
[Date "2022.11.23"]
[WhiteClock "0:01:25"]
[BlackClock "0:00:31"]

1. d4 Nf6 2. Bf4 d6 3. Nc3 g6 4. e4 Bg7 5. Qd2 h6 6. O-O-O c6 7. f3 b5 8. Kb1 a5 9. Qe1 Nfd7 10. e5 dxe5 11. dxe5 e6 12. Ne4 O-O 13. h4 Qc7 14. Qe3 Ba6 15. Nf6+ Bxf6 16. exf6 Qd8 17. Bxh6 Qxf6 18. h5 Re8 19. hxg6 fxg6 20. Nh3 Qe5 21. Qc1 Nf6 22. Nf4 Kf7 23. Bd3 Rg8 24. Rhe1 1-0


[Site "https://www.chess.com"]

[Event "Titled Tuesday Blitz November 22 Late 2022"]
[White "Baskakov, Egor"]
[Black "Mohammed, Zozek Salah Mohammed"]
[WhiteFideId "24197866"]
[BlackFideId "4803361"]
[WhiteElo "2211"]
[BlackElo "2199"]
[Result "1-0"]
[Round "01"]
[TimeControl "180+1"]
[Date "2022.11.23"]
[WhiteClock "0:02:53"]
[BlackClock "0:01:59"]

1. e4 c5 2. Nf3 d6 3. d4 cxd4 4. Nxd4 Nf6 5. Nc3 a6 6. a4 e5 7. Nde2 Be6 8. g3 Be7 9. Bg2 Nc6 10. Nd5 Rc8 11. h3 Bxd5 12. exd5 Nb4 13. c3 Qa5 14. cxb4 Qxb4+ 15. Nc3 1-0


[Site "https://www.chess.com"]

[Event "Titled Tuesday Blitz November 22 Late 2022"]
[White "Bobkov, Vadim"]
[Black "Cortes Orihuela, Javier"]
[WhiteFideId "34110876"]
[BlackFideId "3414329"]
[WhiteElo "2172"]
[BlackElo "2080"]
[Result "1/2-1/2"]
[Round "01"]
[TimeControl "180+1"]
[Date "2022.11.23"]
[WhiteClock "0:00:15"]
[BlackClock "0:00:02"]

1. d4 d5 2. c4 dxc4 3. Nf3 Nf6 4. e3 Bg4 5. Bxc4 e6 6. h3 Bh5 7. O-O Nc6 8. Nc3 Bd6 9. b3 O-O 10. Bb2 a6 11. Rc1 Qe7 12. Re1 Rad8 13. Qe2 e5 14. d5 e4 15. dxc6 exf3 16. gxf3 Qe5 17. f4 Qf5 18. Qf1 Bf3 19. Bd3 Qh5 20. Be2 bxc6 21. Bxf3 Qxf3 22. Qg2 Qxg2+ 23. Kxg2 Bb4 24. Re2 Rd7 25. Na4 Rfd8 26. Bxf6 gxf6 27. Rxc6 Rd2 28. Rc2 Rxe2 29. Rxe2 Rd1 30. Rc2 Ra1 31. f5 Kf8 32. Kf3 Ke8 33. Ke4 Bd6 34. Nc3 Rh1 35. Nd5 Rxh3 36. Nxc7+ Bxc7 37. Rxc7 Rh2 38. Kf3 h5 39. Rc6 h4 40. Rxa6 Rh1 41. Rxf6 Ra1 42. a4 Rb1 43. Rb6 Rb2 44. Kg4 Kd7 45. Kxh4 Rxf2 46. Rb5 Kc6 47. Kg3 Rf1 48. e4 f6 49. Kg4 Rg1+ 50. Kh5 Kd6 51. a5 Rg5+ 52. Kh4 Rg1 53. Rb6+ Ke5 54. a6 Ra1 55. b4 Kf4 56. Kh3 Kf3 57. Kh2 Ra2+ 58. Kh3 Ra1 59. Kh2 Ra2+ 60. Kg1 Ra1+ 61. Kh2 1/2-1/2


[Site "https://www.chess.com"]

[Event "Titled Tuesday Blitz November 22 Late 2022"]
[White "Bogaudinov, Rushan"]
[Black "Guzman, Christopher"]
[WhiteFideId "4129288"]
[BlackFideId "6405096"]
[WhiteElo "1997"]
[BlackElo "2272"]
[Result "0-1"]
[Round "01"]
[TimeControl "180+1"]
[Date "2022.11.23"]
[WhiteClock "0:00:02"]
[BlackClock "0:00:21"]

1. e4 e5 2. Nf3 Nc6 3. Nc3 Nf6 4. Bb5 d6 5. Bxc6+ bxc6 6. d4 exd4 7. Nxd4 Bd7 8. O-O Be7 9. Re1 O-O 10. b3 Re8 11. Bb2 Bf8 12. Qd3 c5 13. Nf3 Bc6 14. Nd5 Nxd5 15. exd5 Bd7 16. h3 h6 17. Rxe8 Bxe8 18. c4 a5 19. a4 c6 20. dxc6 Bxc6 21. Rd1 Rb8 22. Nd2 Qg5 23. f3 Bxa4 24. Ne4 Qg6 25. bxa4 Rxb2 26. Rd2 Rb4 27. Qc2 Kh7 28. h4 Kg8 29. g4 Be7 30. h5 Qe6 31. Rd5 Bf8 32. Kg2 Qe8 33. Nxd6 Qxa4 34. Qxa4 Rxa4 35. Nf5 g6 36. hxg6 fxg6 37. Nd6 Ra2+ 38. Kf1 a4 39. Nb5 a3 40. Rd8 Ra1+ 41. Kg2 a2 42. Ra8 Kf7 43. Nc3 Bg7 44. Nxa2 Bd4 45. f4 h5 46. gxh5 gxh5 47. Ra6 h4 48. Kh3 Rh1+ 49. Kg2 Ra1 50. Kh3 Bf6 51. f5 Kg7 52. Kg2 Kf7 53. Kh3 Bg5 54. Kg4 Be7 55. Nb4 Rg1+ 56. Kh3 cxb4 57. Rb6 Rf1 0-1


[Site "https://www.chess.com"]

[Event "Titled Tuesday Blitz November 22 Late 2022"]
[White "Boyer, Mahel"]
[Black "Ankerst, Mihael"]
[WhiteFideId "45102422"]
[BlackFideId "14602369"]
[WhiteElo "2454"]
[BlackElo "2352"]
[Result "1-0"]
[Round "01"]
[TimeControl "180+1"]
[Date "2022.11.23"]
[WhiteClock "0:00:06"]
[BlackClock "0:00:02"]

1. e4 c5 2. Nc3 Nc6 3. f4 e6 4. Nf3 d5 5. Bb5 Nf6 6. Qe2 Be7 7. O-O O-O 8. d3 Qc7 9. Kh1 Rd8 10. f5 Nd4 11. Nxd4 cxd4 12. Nd1 exf5 13. exf5 h6 14. Ba4 Bd6 15. g4 Bd7 16. Bxd7 Nxd7 17. Qg2 Re8 18. g5 hxg5 19. Bxg5 Kf8 20. c3 Be5 21. cxd4 Bxd4 22. Rc1 Qd6 23. Nc3 Nf6 24. Nb5 Qb6 25. Nc7 Rec8 26. Nxa8 Rxa8 27. Rc2 Re8 28. Re2 Qc6 29. Rc1 Qd7 30. Rf1 Re7 31. Rxe7 Qxe7 32. Bxf6 Qxf6 33. Qxd5 Kg8 34. Qxb7 Qh4 35. Qe4 Qf6 36. b4 Kh7 37. b5 Be5 38. a4 Bc7 39. Qg4 Qh6 40. Qg2 Qf6 41. Rf3 Kg8 42. Re3 Kf8 43. Qe2 1-0


[Site "https://www.chess.com"]

[Event "Titled Tuesday Blitz November 22 Late 2022"]
[White "Brown, Andrew"]
[Black "Colas, Joshua"]
[WhiteFideId "3206513"]
[BlackFideId "2044447"]
[WhiteElo "2245"]
[BlackElo "2347"]
[Result "1-0"]
[Round "01"]
[TimeControl "180+1"]
[Date "2022.11.23"]
[WhiteClock "0:00:04"]
[BlackClock "0:00:02"]

1. d4 Nf6 2. c4 e6 3. Nc3 Bb4 4. g3 c5 5. d5 exd5 6. cxd5 O-O 7. Bg2 d6 8. Nf3 b5 9. O-O Bb7 10. Nh4 Bxc3 11. bxc3 Nbd7 12. Nf5 Nb6 13. e4 Re8 14. Re1 Nc4 15. g4 Nd7 16. Bf4 Nde5 17. Bg3 h6 18. Rb1 a6 19. h3 Bc8 20. f4 Bxf5 21. gxf5 Nd7 22. Bf1 Ncb6 23. Qf3 Na4 24. Rbd1 b4 25. cxb4 cxb4 26. e5 dxe5 27. fxe5 Nc3 28. Rd2 Nb6 29. e6 Nbxd5 30. Bc4 Qg5 31. Rxd5 Nxd5 32. Bxd5 fxe6 33. Bxa8 Rf8 34. h4 Qd2 35. Rd1 Qxa2 36. Be4 Kh8 37. Be5 exf5 38. Bd5 Qc2 39. Rf1 Qc5+ 40. Kg2 Qe7 41. Re1 Qxh4 42. Qh3 Qxe1 43. Qxh6# 1-0


[Site "https://www.chess.com"]

[Event "Titled Tuesday Blitz November 22 Late 2022"]
[White "Cardoso Cardoso, Jose Gabriel"]
[Black "Zeman, Matyas"]
[WhiteFideId "4430492"]
[BlackFideId "364398"]
[WhiteElo "2484"]
[BlackElo "2254"]
[Result "1-0"]
[Round "01"]
[TimeControl "180+1"]
[Date "2022.11.23"]
[WhiteClock "0:00:05"]
[BlackClock "0:00:06"]

1. d4 Nf6 2. Nc3 e6 3. Bf4 d5 4. e3 Bd6 5. Qf3 Bxf4 6. Qxf4 a6 7. g4 Qd6 8. g5 Qxf4 9. exf4 Nh5 10. Nh3 Nc6 11. Be2 Nxd4 12. Bxh5 Nxc2+ 13. Kd2 Nxa1 14. Rxa1 g6 15. Bg4 b6 16. Ng1 Bb7 17. Nf3 O-O 18. Ne5 Rfd8 19. Rc1 Rac8 20. Na4 Rd6 21. b4 d4 22. Be2 Bd5 23. a3 a5 24. Ba6 Ra8 25. b5 c5 26. bxc6 Bxc6 27. Rxc6 Rxc6 28. Bb7 Rcc8 29. Nxb6 Rab8 30. Nxc8 Rxb7 31. Nd6 Rb3 32. a4 Ra3 33. Ndxf7 Rxa4 34. Nd8 Rb4 35. Nxe6 a4 36. Nd3 Rb5 37. Nxd4 Rd5 38. Nc2 Kf7 39. Kc3 Ke6 40. Kc4 Rd8 41. Nd4+ Kd6 42. Nb5+ Ke6 43. Nc3 Kf5 44. Nxa4 Rc8+ 45. Nac5 Rd8 46. Kc3 Rd5 47. Kd2 Rd8 48. Ke3 Re8+ 49. Kf3 Rd8 50. Ne5 Rd4 51. Ncd3 Ra4 52. Ng4 Ra3 53. Ne3+ Ke6 54. Nc5+ Kf7 55. Ne4 Rb3 56. h4 Ra3 57. Ng3 Ke6 58. f5+ gxf5 59. Nxf5 Ke5 60. Ng3 Ra4 61. Ng4+ Ke6 62. Ne4 Kf5 63. Ne3+ Ke5 64. Ng4+ Kf5 65. Nef6 Ra3+ 66. Ne3+ Ke5 67. Nxh7 Ke6 68. Nf6 Kf7 69. Ng4 Kg6 70. Kg3 Kh5 71. Nf6+ Kg6 72. Kg4 Ra4+ 73. f4 Ra3 74. h5+ Kf7 75. Ned5 Ra1 76. Kf5 1-0


[Site "https://www.chess.com"]

[Event "Titled Tuesday Blitz November 22 Late 2022"]
[White "Clawitter, Craig"]
[Black "Machidon, Cristi"]
[WhiteFideId "2023105"]
[BlackFideId "13904590"]
[WhiteElo "2238"]
[BlackElo "2333"]
[Result "0-1"]
[Round "01"]
[TimeControl "180+1"]
[Date "2022.11.23"]
[WhiteClock "0:00:02"]
[BlackClock "0:00:12"]

1. e4 e6 2. d4 d5 3. e5 c5 4. c3 Nc6 5. Nf3 Qb6 6. a3 Bd7 7. b4 cxd4 8. cxd4 Rc8 9. Be3 Nh6 10. Bd3 Be7 11. O-O Nf5 12. Bxf5 exf5 13. Nc3 Be6 14. Na4 Qd8 15. Rc1 O-O 16. Nc5 b6 17. Nd3 Qd7 18. h4 Rc7 19. Nf4 Rfc8 20. Nh5 Bf8 21. Bg5 Ne7 22. Qd2 Rc4 23. Nf6+ gxf6 24. Bxf6 Ng6 25. h5 Qc6 26. Rxc4 dxc4 27. hxg6 fxg6 28. Ng5 c3 29. Qf4 c2 30. Rc1 Bd5 31. Qh4 Qd7 32. e6 Bxe6 33. Be5 Bd5 34. Nf3 Qe7 35. Bf6 Qe4 36. Qg5 Qg4 37. Qxg4 fxg4 38. Ne5 a5 0-1


[Site "https://www.chess.com"]

[Event "Titled Tuesday Blitz November 22 Late 2022"]
[White "Corrales Jimenez, Fidel"]
[Black "Golubev, Mikhail"]
[WhiteFideId "3506690"]
[BlackFideId "14100983"]
[WhiteElo "2541"]
[BlackElo "2374"]
[Result "1/2-1/2"]
[Round "01"]
[TimeControl "180+1"]
[Date "2022.11.22"]
[WhiteClock "0:00:03"]
[BlackClock "0:00:07"]

1. e4 c5 2. Nf3 d6 3. d4 cxd4 4. Nxd4 Nf6 5. Nc3 g6 6. Be3 Bg7 7. f3 O-O 8. Qd2 Nc6 9. O-O-O d5 10. exd5 Nxd5 11. Nxc6 bxc6 12. Bd4 e5 13. Bc5 Re8 14. Nxd5 cxd5 15. Qxd5 Qxd5 16. Rxd5 Be6 17. Rd1 Bxa2 18. Rd7 Bh6+ 19. Kd1 Red8 20. Rxd8+ Rxd8+ 21. Bd3 Bc4 22. Ke2 Bxd3+ 23. cxd3 Rc8 24. b4 a5 25. d4 axb4 26. Kd3 exd4 27. Bxb4 Bg7 28. Ra1 h5 29. Bd2 Rb8 30. Ra2 Rb3+ 31. Kc4 Rb7 32. h3 f5 33. Bb4 d3 34. Rd2 Rd7 35. Bc5 Kf7 36. Rxd3 Rxd3 37. Kxd3 Ke6 38. Kc4 Bf6 39. Be3 Be7 40. Bd4 Bd6 41. Bg7 Be7 42. Kd4 Bd6 43. Bh6 Be7 44. Bf4 Bf8 45. Kc4 Be7 46. Be3 Bd6 47. Bf2 Be7 48. Bg3 Bf8 49. Bc7 Be7 50. Kd4 Bf8 51. Ke3 Be7 52. Kf4 Bf6 53. Bb6 Be7 54. Bd4 Bd8 55. Bg7 Be7 56. Bb2 Bd8 57. Ba3 Bf6 58. Bf8 Bd8 59. Bg7 Be7 60. Bh6 Bd8 61. Bg5 Bc7+ 62. Ke3 Be5 63. Kd3 Bg7 64. Kc4 Bf8 65. Kd4 Bd6 66. Kc4 Bf8 67. Bf4 Be7 68. Kd4 Bf8 69. Bd2 Be7 70. Kd3 Kd5 71. Bc3 Bd6 72. Bf6 Bf8 73. Bg5 Bd6 74. Bc1 Be7 75. Ke2 Bf8 76. Bb2 Bd6 77. Bf6 Bf8 78. Kf2 Bd6 79. Ke3 Bc7 80. Be7 Ke6 81. Bc5 Be5 82. f4 Bf6 83. Bd4 Bd8 84. Kf3 Kd5 85. Bf2 Be7 86. Be1 Bf6 87. Bb4 Bd8 88. Bf8 Bf6 89. Bh6 Be7 90. Ke3 Bc5+ 91. Kd3 Bd6 92. Bg5 Bc7 93. Ke3 Bb6+ 94. Kf3 Bd4 95. Be7 Bg7 96. Kg3 Ke6 97. Bd8 Bf8 98. Kh4 Bh6 99. Bg5 Bg7 100. g3 Kf7 101. Bd8 Bh6 102. Bg5 Bg7 103. Bd8 Bh6 104. Bc7 Bg7 105. Kg5 Bf8 106. Bb6 Be7+ 107. Kh6 Bf6 108. Kh7 Bg7 109. h4 Bf6 110. Bf2 Be7 111. Be1 Bf6 112. Kh6 Bd4 113. Kh7 Bg7 114. Bf2 Bc3 115. Kh6 Bg7+ 116. Kh7 Bc3 117. Kh6 Bg7+ 118. Kh7 1/2-1/2


[Site "https://www.chess.com"]

[Event "Titled Tuesday Blitz November 22 Late 2022"]
[White "Czopor, Maciej"]
[Black "Simonovic, Miroslav"]
[WhiteFideId "21805431"]
[BlackFideId "919152"]
[WhiteElo "2324"]
[BlackElo "2043"]
[Result "1-0"]
[Round "01"]
[TimeControl "180+1"]
[Date "2022.11.23"]
[WhiteClock "0:00:15"]
[BlackClock "0:00:18"]

1. a3 c5 2. b4 b6 3. Bb2 Bb7 4. c4 d6 5. Nf3 e5 6. d3 g6 7. g3 Bg7 8. Bg2 Ne7 9. O-O O-O 10. Nc3 Qd7 11. Rb1 Nbc6 12. e3 Rad8 13. Ba1 h6 14. Nd2 f5 15. Nd5 Kh7 16. h4 Nxd5 17. cxd5 Ne7 18. bxc5 bxc5 19. e4 f4 20. Nc4 Ba6 21. Kh2 g5 22. Bh3 Qc7 23. hxg5 hxg5 24. Qh5+ Bh6 25. Be6 Rf6 26. gxf4 Rxf4 27. Kg2 Rdf8 28. Rb2 Ng6 29. Rh1 Nh4+ 30. Kf1 R8f6 31. Re2 Rxe6 32. dxe6 Bc8 33. Qe8 Rf8 34. Qb5 Bxe6 35. Bc3 Rf3 36. Bd2 Bh3+ 37. Ke1 Ng2+ 38. Kd1 Nf4 39. Bxf4 gxf4 40. Qe8 Qg7 41. Nxd6 Rxd3+ 42. Kc2 Rxd6 43. Rxh3 Qg6 44. f3 Qxe8 45. Reh2 Qc6 46. Rh5 Re6 47. Rf5 Qd6 48. Rg2 Rg6 49. Rd2 Qe6 50. Rd5 Qxf5 51. exf5 Rc6 52. Rxe5 c4 53. Re7+ Kg8 54. Rxa7 c3 55. a4 Bg7 56. Ra8+ Kf7 57. Ra7+ Kf6 58. a5 Kxf5 59. Rxg7 Rc5 60. a6 Ra5 61. a7 Ke5 62. Kxc3 Ra3+ 63. Kb4 Ra1 64. Kb5 Kd4 65. Re7 Kd3 66. Kb6 Rb1+ 67. Kc7 Rc1+ 68. Kb8 Ra1 69. a8=Q Rxa8+ 70. Kxa8 Kd4 71. Re4+ Kd3 72. Rxf4 Ke3 73. Rf8 Kf2 74. f4 Kg3 75. f5 Kg4 76. f6 Kg5 77. f7 Kg6 78. Kb8 Kg7 79. Rc8 Kxf7 80. Rc6 Ke7 81. Kc7 Kf7 82. Rd6 Ke7 83. Kc6 Kf7 84. Kd7 Kg7 85. Ke7 Kg8 86. Rf6 Kg7 87. Ke6 Kh7 88. Kf7 Kh8 89. Rh6# 1-0


[Site "https://www.chess.com"]

[Event "Titled Tuesday Blitz November 22 Late 2022"]
[White "D`Arruda, Ricardo D."]
[Black "Pranav, V"]
[WhiteFideId "100692"]
[BlackFideId "25060783"]
[WhiteElo "2522"]
[BlackElo "2430"]
[Result "0-1"]
[Round "01"]
[TimeControl "180+1"]
[Date "2022.11.22"]
[WhiteClock "0:00:15"]
[BlackClock "0:00:59"]

1. d4 Nf6 2. Nf3 e6 3. c4 b6 4. g3 Ba6 5. Nbd2 c5 6. Bg2 Bb7 7. O-O cxd4 8. Nxd4 Bxg2 9. Kxg2 Be7 10. N2f3 O-O 11. b3 a6 12. Bb2 Qc7 13. Rc1 d6 14. Qd2 Nbd7 15. Rfd1 Nc5 16. Qe3 Rfe8 17. h3 Rad8 18. Kg1 Qb7 19. b4 Nce4 20. b5 axb5 21. cxb5 d5 22. Nc6 Ra8 23. Nxe7+ Rxe7 24. a3 Rc7 25. Nd4 Rc5 26. Qb3 Nd6 27. a4 Rc4 28. Ra1 Nfe4 29. Nc6 Nc5 30. Qe3 Nf5 31. Qf3 Rcxa4 32. Rxa4 Rxa4 33. g4 Nd6 34. Qc3 f6 35. Qe3 Re4 36. Qg3 Nxb5 37. Nd4 Nxd4 38. Bxd4 Rxe2 39. Qd6 Qc8 40. Rc1 h6 41. Bxc5 bxc5 42. Rxc5 Qb7 43. Rc7 Qb1+ 44. Kg2 Qe4+ 45. Kg3 Qe5+ 46. Qxe5 Rxe5 0-1


[Site "https://www.chess.com"]